 Dungeon Crawl Stone Soup version 0.28-a0-1334-g1c9ffb4daf (webtiles) character file.

Game seed: 5598735374300478300

12 Grim the Chucker (level 2, 0/31 HPs)
             Began as an Ogre Hunter on Dec 28, 2021.
             Slain by an adder (1 damage)
             ... on level 2 of the Dungeon.
             The game lasted 00:01:14 (948 turns).

Grim the Chucker (Ogre Hunter)                       Turns: 948, Time: 00:01:15

Health: 0/31       AC:  3    Str: 15    XL:     2   Next: 33%
Magic:  2/2        EV:  9    Int: 12    God:
Gold:   36         SH:  0    Dex:  9    Spells: 1/1 levels left

rFire   . . .      SeeInvis .   i - +0 whip
rCold   . . .      Faith    .   (no shield)
rNeg    . . .      Spirit   .   b - +0 robe
rPois   .          Reflect  .   (helmet restricted)
rElec   .          Harm     .   (no cloak)
rCorr   .          Rampage  .   (gloves unavailable)
Will    .....                   (boots unavailable)
Stlth   +.........              (no amulet)
HPRegen 0.10/turn               (no ring)
MPRegen 0.08/turn               (no ring)

@: lethally poisoned (0 -> -1)
A: large, unfitting armour, tough skin 1
a: no special abilities


You were on level 2 of the Dungeon.
You visited 1 branch of the dungeon, and saw 2 of its levels.

You collected 36 gold pieces.

Inventory:

Hand Weapons
 i - a +0 whip (weapon)
Missiles
 c - 8 large rocks (quivered)
 d - 2 throwing nets
 k - 2 atropa-tipped darts
Armour
 b - a +0 robe (worn)
Scrolls
 a - a scroll of teleportation {unknown}
 f - a scroll of acquirement {unknown}
 g - 3 scrolls of fear {unknown}
 j - a scroll of holy word {unknown}
Potions
 e - a potion of berserk rage {unknown}
 h - a potion of curing {unknown}


   Skills:
 + Level 3.3 Fighting
 + Level 1.1 Maces & Flails
 - Level 4.0 Throwing
 - Level 1.7 Dodging
 - Level 0.6 Stealth


You had one spell level left.
You didn't know any spells.
Your spell library was empty.

Dungeon Overview and Level Annotations

Branches:
Dungeon (2/15)

Altars:


Innate Abilities, Weirdness & Mutations

You are too large for most types of armour.
You have tough skin. (AC +1)


Message History

The hobgoblin hits you.
You miss the adder. The adder bites you.
You are poisoned.
The adder poisons you! The hobgoblin closely misses you.
You hit the adder.
The adder is heavily wounded.
You feel sick. The adder bites you but does no damage.
The hobgoblin barely misses you. The adder bites you.
You are more poisoned.
The adder poisons you!
You feel sick.
You feel sick.
You feel sick.
You feel sick. The adder bites you.
* * * LOW HITPOINT WARNING * * *
You are more poisoned.
The adder poisons you!
* * * LOW HITPOINT WARNING * * *
You feel very sick.
You feel sick.
Throw: 10 large rocks
Press: ? - help, Q - select action, (/) - cycle Shift-Dir - straight line, f - adder
Aim: an adder (heavily wounded, 38% to hit)
You throw a large rock. The large rock barely misses the adder.
The large rock hits the hobgoblin!
You kill the hobgoblin!
* * * LOW HITPOINT WARNING * * *
You feel very sick. The adder bites you.
* * * LOW HITPOINT WARNING * * *
The adder closely misses you. The adder completely misses you.
Unknown command.
Throw: 9 large rocks
Press: ? - help, Q - select action, (/) - cycle Shift-Dir - straight line, f/p - adder
Aim: an adder (heavily wounded, 38% to hit)
You throw a large rock.
The large rock closely misses the adder.
* * * LOW HITPOINT WARNING * * *
You feel sick. The adder completely misses you. The adder bites you.
You die...

#..#...##.#
#....#.##.#
#....#.##.#
#.......#.#
#..#.#....#
########.)#.####.#
.......#..#......#
......!#.>########.#
......('...(S@.....#
.......#############
....... .......
....... .......
....... #######


You could see an adder.

Vanquished Creatures
  2 giant cockroaches (D:1)
  3 hobgoblins
  A quokka (D:1)
  A frilled lizard (D:1)
  3 kobolds
  A rat (D:1)
11 creatures vanquished.

Notes
Turn   | Place    | Note
-------+----------+-------------------------------------------
     0 | D:1      | Grim the Ogre Hunter began the quest for the Orb.
     0 | D:1      | Reached XP level 1. HP: 22/22 MP: 1/1
   141 | D:1      | Reached XP level 2. HP: 15/31 MP: 2/2
   147 | D:1      | Reached skill level 1 in Maces & Flails
   354 | D:1      | Found a faded altar of an unknown god.
   948 | D:2      | HP: 1/31 [poisoned by an adder]
   948 | D:2      | Slain by an adder

Illustrated notes

Levels and vault maps discovered:
D:1:      lemuel_arrival_tunnels, layout_basic,
          hellmonk_ecumenical_altar_crossroads, minmay_surrounded
D:2:      layout_basic, basic_altar

Skill      XL: |  1  2 |
---------------+-------+-----
Fighting       | 3 |  3.3
Maces & Flails | 1 |  1.1
Throwing       | |  4.0
Dodging        | |  1.7
Stealth        | |  0.6

Action                   || total
-------------------------++-------
Melee: Short sword       ||    30
       Whip              ||    16
Throw: Large rock        ||     4
Armor: Robe              ||    11
Dodge: Dodged            ||    30

Table legend: (Time is in decaauts)
 A = Elapsed time spent in this place.
 B = Non-inter-level travel time spent in this place.
 C = Inter-level travel time spent in this place.
 D = Time resting spent in this place.
 E = Time spent auto-exploring this place.
 F = Levels seen in this place.
 G = Mean time per level.
                   A        B        C        D        E       F      G
               +--------+--------+--------+--------+--------+-----+--------+
         Total |    953 |    943 |     10 |    148 |    672 |   2 |  476.5 |
       Dungeon |    953 |    943 |     10 |    148 |    672 |   2 |  476.5 |
               +--------+--------+--------+--------+--------+-----+--------+

Top non-repeatable levels by time:
     D:1: 882 daAuts
     D:2: 70 daAuts
